 Dungeon Crawl Stone Soup version 0.31-a0-267-g3fc6992b3b (webtiles) character file.

Game seed: 11351020834476046556

137 qw the Shooter (level 5, -1/30 HPs)
             Began as a Gargoyle Hexslinger on July 14, 2023.
             Slain by a gnoll
             ... wielding a +0 flail of protection
              (2 damage)
             ... on level 3 of the Dungeon.
             The game lasted 00:00:41 (1897 turns).

qw the Shooter (Gargoyle Hexslinger)                Turns: 1897, Time: 00:00:42

Health: -1/30      AC: 11    Str: 12    XL:     5   Next: 20%
Magic:  6/6        EV: 11    Int: 13    God:
Gold:   113        SH:  5    Dex: 20    Spells: 5/6 levels left

rFire   . . .        Y - +1 sling
rCold   . . .        (no shield)
rNeg    + . .        e - +0 ring mail
rPois   inf          (no helmet)
rElec   +            c - +0 cloak
rCorr   .            h - +0 pair of gloves
SInv    .            (no boots)
Will    .....        d - amulet of reflection
Stlth   +            g - +6 ring of dexterity
HPRegen 0.25/turn    (no ring)
MPRegen 0.10/turn

%: reflection
@: no status effects
A: sickness immunity, AC +4, negative energy resistance 1, electricity
resistance, torment resistance 1, petrification resistance
a: no special abilities


You were on level 3 of the Dungeon.
You visited 1 branch of the dungeon, and saw 3 of its levels.

You collected 113 gold pieces.


Innate Abilities, Weirdness & Mutations

You are immune to sickness and miasma.
Your stone body is resilient. (AC +4)
You are immune to poison.
You resist negative energy. (rN+)
You are resistant to electric shocks. (rElec)
You are resistant to unholy torment.
You are immune to petrification.


   Skills:
 - Level 2.0 Fighting
 + Level 4.8 Ranged Weapons
 - Level 1.0 Armour
 - Level 1.5 Dodging
 - Level 1.0 Spellcasting
 - Level 2.6 Hexes


You had 5 spell levels left.
You knew the following spells:

 Your Spells              Type           Power      Damage    Failure   Level
a - Slow                  Hex            28%        N/A       22%         1

Your spell library contained the following spells:

 Spells                   Type           Power      Damage    Failure   Level
 Inner Flame              Hex/Fire       4%         N/A       73%         3
 Portal Projectile        Hex/Tloc       8%         N/A       73%         3
 Cause Fear               Hex            3%         N/A       91%         4

Inventory:

Hand Weapons
 Y - a +1 sling (weapon)
Armour
 c - a +0 cloak (worn)
 e - a +0 ring mail (worn)
 h - a +0 pair of gloves (worn)
Jewellery
 d - an amulet of reflection (around neck)
 g - a +6 ring of dexterity (left hand)
Scrolls
 i - a scroll of identify
Potions
 f - a potion of heal wounds {unknown}

Dungeon Overview and Level Annotations

Branches:
Dungeon (3/15)

Altars:
Ru
Wu Jian


Message History

You shoot a sling bullet. The sling bullet hits the gnoll!
The gnoll is severely wounded.
The gnoll barely misses you.
You shoot a sling bullet.
The sling bullet hits the gnoll but does no damage.
The gnoll is severely wounded.
You shoot a sling bullet. The sling bullet hits the gnoll.
You kill the gnoll!
The gnoll closely misses you.
You shoot a sling bullet. The sling bullet hits the gnoll.
The gnoll is moderately wounded.
The gnoll hits you with a +0 flail of protection!
The gnoll hits you but does no damage.
The gnoll hits you with a +0 flail of protection!
The gnoll closely misses you.
You shoot a sling bullet. The sling bullet hits the gnoll!
The gnoll is severely wounded.
The gnoll closely misses you. The gnoll hits you but does no damage.
You shoot a sling bullet. The sling bullet hits the gnoll.
You kill the gnoll!
The gnoll hits you with a +0 flail of protection!
You shoot a sling bullet. The sling bullet hits the gnoll!
The gnoll is severely wounded.
The gnoll closely misses you.
You shoot a sling bullet.
The sling bullet hits the gnoll but does no damage.
The gnoll is severely wounded.
The gnoll closely misses you. x2
You shoot a sling bullet.
The sling bullet barely misses the gnoll.
The gnoll hits you with a +0 flail of protection!
You shoot a sling bullet.
The sling bullet hits the gnoll but does no damage.
The gnoll is heavily wounded.
The gnoll misses you.
You shoot a sling bullet. The sling bullet hits the gnoll.
The gnoll is severely wounded.
The gnoll closely misses you.
The gnoll hits you with a +0 flail of protection.
You die...

##.##
#########.#.######
.........###......
######.#.#.######
77+ #.##.## # ..
#.#### # 7.###.
###.####### #
7.....7###...:.....#
#
+.._.g@.#..........#
#
7....)7....#.#####.#
# 7.###.7##..#.# ..
#..#.# 77+ #..#.#
#### #..#.. ....
#..##. #### #..# .
#..#


You could see a gnoll.

Vanquished Creatures
  A scorpion (D:2)
  2 gnolls (D:3)
  An adder (D:2)
  A worm (D:2)
  2 dart slugs
  3 endoplasms (D:2)
  2 giant cockroaches (D:1)
  3 goblins
  3 hobgoblins
  2 jackals (D:2)
  3 quokkas (D:2)
  8 ball pythons
  3 bats
  A frilled lizard (D:3)
  5 kobolds
  3 rats
43 creatures vanquished.

Notes
Turn   | Place    | Note
-------+----------+-------------------------------------------
     0 | D:1      | qw the Gargoyle Hexslinger began the quest for the Orb.
     0 | D:1      | Reached XP level 1. HP: 12/12 MP: 2/2
     0 | D:1      | 0 ||| qw: Version: 0.3-a-52-g30416fa
     0 | D:1      | 0 ||| qw: Game counter: 7832
     0 | D:1      | 0 ||| qw: Melee chars always use a shield: true
     0 | D:1      | 0 ||| qw: God list: Okawaru
     0 | D:1      | 0 ||| qw: Allow faded altars: false
     0 | D:1      | 0 ||| qw: Do Orc after clearing Dungeon:15 true
     0 | D:1      | 0 ||| qw: Do second Lair branch before Depths: true
     0 | D:1      | 0 ||| qw: Lair rune preference: random
     0 | D:1      | 0 ||| qw: Goals: Normal
     0 | D:1      | 0 ||| PLANNING D:1-11
   286 | D:1      | Reached XP level 2. HP: 13/16 MP: 3/3
   613 | D:1      | Reached skill level 3 in Ranged Weapons
   924 | D:1      | 924 ||| UPGRADING to +0 ring mail.
   934 | D:1      | 934 ||| DROPPING +0 robe.
   935 | D:1      | 935 ||| UPGRADING to amulet of reflection.
   940 | D:1      | 940 ||| READING scroll labelled NAETIORICU.
   941 | D:1      | 941 ||| READING scroll labelled MASYCHIWUC.
   942 | D:1      | 942 ||| DROPPING scroll of poison.
  1020 | D:2      | 1020 ||| FLEEEEING.
  1029 | D:2      | 1029 ||| STAIRDANCE
  1051 | D:2      | Reached XP level 3. HP: 21/21 MP: 4/4
  1107 | D:2      | Noticed a scorpion
  1119 | D:2      | Killed a scorpion
  1120 | D:2      | Reached skill level 4 in Ranged Weapons
  1120 | D:2      | Reached XP level 4. HP: 13/26 MP: 5/5
  1209 | D:2      | Reached skill level 1 in Armour
  1375 | D:2      | Found a sacrificial altar of Ru.
  1794 | D:2      | 1794 ||| UPGRADING to +0 cloak.
  1799 | D:2      | 1799 ||| UPGRADING to +0 pair of gloves.
  1804 | D:2      | 1804 ||| UPGRADING to +6 ring of dexterity.
  1805 | D:2      | 1805 ||| READING scroll labelled QIS OKEOSTAJOS.
  1806 | D:2      | 1806 ||| READING 2 scrolls labelled RAIVIN BEIT.
  1807 | D:2      | 1807 ||| DROPPING scroll of revelation.
  1842 | D:3      | Reached XP level 5. HP: 30/30 MP: 6/6
  1882 | D:3      | Found an ornate altar of the Wu Jian Council.
  1892 | D:3      | HP: 7/30 [gnoll/+0 flail of protection (9)]
  1895 | D:3      | HP: 1/30 [gnoll/+0 flail of protection (7)]
  1897 | D:3      | Slain by a gnoll

Levels and vault maps discovered:
D:1:      minmay_arrival_stone_box, layout_basic, nicolae_hexahallways
D:2:      layout_basic, basic_altar, dreamdust_princess_bridge,
          grunt_ministairs_3
D:3:      layout_loops_ring, mainiacjoe_overflow_six_doors_small,
          basic_ecumenical_altar

Skill      XL: |  1  2  3  4 |
---------------+-------------+-----
Ranged Weapons | 3 4 |  4.8
Fighting       | 2 |  2.0
Armour         | 1 |  1.0
Dodging        | |  1.5
Spellcasting   | |  1.0
Hexes          | |  2.6

Action                     |  1- 3 |  4- 6 || total
---------------------------+-------+-------++-------
   Fire: Sling             |    76 |    79 ||   155
    Use: Scroll            |     2 |     2 ||     4
 Armour: Robe              |     7 |       ||     7
         Ring mail         |    11 |    22 ||    33
  Dodge: Dodged            |    23 |    32 ||    55
  Block: Other             |     5 |    12 ||    17

Table legend:
 A = Non-vault XP
 B = Vault XP
 C = Vault XP percentage of total XP
 D = Non-vault monster count
 E = Vault monster count
 F = Vault count percentage of total count
                 A         B        C        D         E       F
            +---------+---------+-------+---------+---------+-------
      Total |     193 |       4 |   2.0 |      41 |       2 |   4.7
            +---------+---------+-------+---------+---------+-------
        D:1 |      21 |       0 |   0.0 |      13 |       0 |   0.0
        D:2 |     134 |       4 |   2.9 |      21 |       2 |   8.7
        D:3 |      38 |       0 |   0.0 |       7 |       0 |   0.0
            +---------+---------+-------+---------+---------+-------
